 Dungeon Crawl Stone Soup version 0.23.0-3-gf3c87f2 (webtiles) character file.

Game seed: 7179371374676836376

56545 Kairos the Cleaver (level 14, 0/75 HPs)
             Began as a Vine Stalker Monk on Feb 24, 2019.
             Was the Champion of Uskayaw.
             Slain by a seven-headed hydra (5 damage)
             ... on level 6 of the Lair of Beasts.
             The game lasted 00:39:05 (15587 turns).

Kairos the Cleaver (Vine Stalker Monk)             Turns: 15587, Time: 00:39:06

Health: 0/75       AC: 29    Str: 22    XL:     14   Next: 82%
Magic:  0/15       EV:  8    Int: 10    God:    Uskayaw [******]
Gold:   183        SH: 20    Dex: 17    Spells: 13/13 levels left

rFire    . . .     SeeInvis .   M - +2 flail (protect)
rCold    . . .     Gourm    .   m - +2 large shield
rNeg     . . .     Faith    +   A - +4 chain mail
rPois    +         Spirit   +   w - +0 helmet
rElec    +         Reflect  .   e - +2 cloak {MR+}
rCorr    .         Harm     .   (no gloves)
MR       ++...                  R - +2 pair of boots {run}
Stlth    ++........             X - amulet of faith
HPRegen  1.02/turn              Y - ring of Levity {+Inv +Fly rElec rPois Slay-2}
MPRegen  0.14/turn              z - +3 ring of strength

@: protection aura, quick
A: fangs 3, regeneration 2, magic shield, antimagic bite, no potion heal 3, rot
immunity
a: Stomp, Line Pass, Grand Finale, Renounce Religion, Evoke Invisibility, Evoke
Flight


You were on level 6 of the Lair of Beasts.
You worshipped Uskayaw.
Uskayaw was noncommittal.
You were hungry.

You visited 2 branches of the dungeon, and saw 17 of its levels.
You also visited: Volcano.

You collected 1597 gold pieces.
You spent 1414 gold pieces at shops.

Inventory:

Hand Weapons
 x - a +1 whip of electrocution
 L - a +3 broad axe of freezing
 M - a +2 flail of protection (weapon)
Missiles
 q - 10 tomahawks (quivered)
Armour
 e - a +2 cloak of magic resistance (worn)
 m - a +2 large shield (worn)
 w - a +0 helmet (worn)
 A - a +4 chain mail (worn)
 R - a +2 pair of boots of running (worn)
Jewellery
 g - an uncursed ring of see invisible
 v - a +3 ring of evasion
 z - a +3 ring of strength (right hand)
 I - a +1 ring of slaying
 K - an uncursed ring of resist corrosion
 X - an amulet of faith (around neck)
 Y - the ring of Levity (left hand) {+Inv +Fly rElec rPois Slay-2}
   (You bought it in a shop on level 8 of the Dungeon)

   [ring of flight]

   It affects your accuracy and damage with ranged weapons and melee attacks
   (-2).
   It insulates you from electricity.
   It protects you from poison.
   It lets you turn invisible.
   It lets you fly.
Wands
 n - a wand of scattershot (4)
 r - a wand of flame (63)
 C - a wand of acid (8)
 E - a wand of iceblast (7)
 Q - a wand of enslavement (12)
 V - a wand of paralysis (6)
Scrolls
 b - a scroll of summoning {unknown}
 d - 2 scrolls of identify
 f - 6 scrolls of teleportation
 i - 5 scrolls of amnesia
 o - 2 scrolls of magic mapping
 p - 3 scrolls of fear
 s - a scroll of vulnerability {unknown}
 y - 4 scrolls of immolation
 B - 3 scrolls of remove curse
 G - 3 scrolls of fog
 J - a scroll of silence
 N - a scroll of blinking
 P - a scroll of enchant armour
 Z - a scroll of torment {unknown}
Potions
 h - 2 potions of cancellation
 j - 5 potions of curing
 k - 2 potions of magic
 l - 2 potions of might
 t - 4 potions of lignification
 u - 2 potions of mutation
 D - 3 potions of flight {unknown}
 F - 4 potions of invisibility {unknown}
 H - 2 potions of resistance
 O - 2 potions of agility {unknown}
 S - a potion of brilliance {unknown}
 U - a potion of berserk rage {unknown}
 W - a potion of degeneration {unknown}
Miscellaneous
 a - a fan of gales
 T - a lightning rod (4/4)
Comestibles
 c - 33 rations


   Skills:
 + Level 9.2 Fighting
 + Level 13.9 Axes
 + Level 1.4(9.3) Maces & Flails
 + Level 0.7 Throwing
 + Level 7.8 Armour
 + Level 4.9 Dodging
 + Level 11.7 Stealth
 + Level 11.2 Shields
 + Level 0.3 Evocations


You had 13 spell levels left.
You didn't know any spells.
Your spell library contained the following spells:

 Spells                   Type           Power        Failure   Level  Hunger
 Beastly Appendage        Tmut           #.....       100%        1    ##.....
 Corona                   Hex            #......      100%        1    ##.....
 Ensorcelled Hibernation  Hex/Ice        #.....       100%        2    ###....
 Sticks to Snakes         Tmut           #.......     100%        2    ###....
 Confuse                  Hex            #.......     100%        3    ####...
 Dazzling Spray           Conj/Hex       #.....       100%        3    ####...
 Spider Form              Tmut/Pois      #.........   100%        3    ####...
 Tukima's Dance           Hex            #.......     100%        3    ####...
 Ice Form                 Ice/Tmut       #.......     100%        4    #####..
 Blade Hands              Tmut           #.........   100%        5    ######.


Dungeon Overview and Level Annotations

Branches:
Dungeon (11/15)            Temple (0/1) D:6            Lair (6/6) D:11
  Swamp (0/4) Lair:3       Spider (0/4) Lair:2        Slime (0/5) Lair:5
    Orc: D:9-12

Altars:
Cheibriados
Dithmenos
Elyvilon
Gozag
Hepliaklqana
Qazlal
Ru
Sif Muna
Uskayaw
Vehumet
Wu Jian
Yredelemnul
Zin
Jiyva

Shops:
D:8 (%(=   D:9 ?   D:11 [

Annotations:
D:3 3 runed translucent doors, Gazerockf's ghost, amateur DEFE
D:4 3 runed translucent doors, Jaiteiro's ghost, amateur GnFi
D:7 3 runed translucent doors, SeriousVitamin's ghost, novice DEFE
Lair:3 exclusion: oklob plant


Innate Abilities, Weirdness & Mutations

You have razor-sharp teeth.
You heal very quickly.
When hurt, damage is shared between your health and your magic reserves.
Your bite disrupts and absorbs the magic of your enemies.
Potions cannot restore your health.
You are immune to rotting.


Message History

The seven-headed hydra is severely wounded.
You block the water moccasin's attack. The water moccasin bites you.
You block the seven-headed hydra's attack. x3
The seven-headed hydra bites you but does no damage.
The seven-headed hydra barely misses you.
The seven-headed hydra bites you!
* * * LOW HITPOINT WARNING * * *
The seven-headed hydra bites you!
* * * LOW HITPOINT WARNING * * *
Your shield and chain mail prevent you from hitting the seven-headed hydra.
The seven-headed hydra is heavily wounded.
You block the water moccasin's attack.
The water moccasin bites you but does no damage. x2
The seven-headed hydra bites you but does no damage.
You block the seven-headed hydra's attack.
The seven-headed hydra bites you but does no damage.
The seven-headed hydra bites you.
* * * LOW HITPOINT WARNING * * *
The seven-headed hydra bites you!
You die...

.....§..§....§..
......................
#.....^§§...#........
####....†...#........
#.......#............
#..P.....#P..........
##≈≈.....#...#......
#.≈≈........###..##..#
#.≈≈P≈.....FD@S.......
#≈≈≈≈.P≈....S##.......
.≈≈≈≈≈...........#....
≈≈≈≈≈≈P..........# ...
≈≈≈≈≈≈≈..........# }
≈≈≈≈≈≈...........##
≈≈≈≈#≈≈P..........##..
≈≈≈##≈≈.............#
≈#####≈............#.


You could see a seven-headed hydra, a spiny frog and 2 water moccasins.

Vanquished Creatures
  Rupert (Lair:5)
  Erolcha (D:11)
  Harold (D:9)
  A catoblepas (Lair:4)
  3 hydras
  6 two-headed ogres (D:10)
  An ogre mage (D:10)
  Erica (D:11)
  Nergalle (D:11)
  8 death yaks
  2 skeletal warriors (Volcano)
  Pikel (D:4)
  A cyclops (D:11)
  10 elephants
  An ugly thing (D:11)
  A torpor snail (Lair:2)
  15 spiny frogs
  A komodo dragon (Lair:2)
  5 gargoyles (Volcano)
  5 rime drakes
  A hornet (D:8)
  A queen bee (Lair:3)
  A tyrant leech (Lair:6)
  2 trolls
  A polar bear (Lair:1)
  19 blink frogs
  Prince Ribbit (D:9)
  10 hippogriffs
  2 dream sheep (Lair:2)
  2 harpy skeletons (Volcano)
  4 alligator skeletons (Volcano)
  2 flying skulls (Volcano)
  2 wraiths
  25 yaks
  3 wyverns
  2 hungry ghosts
  8 basilisks
  6 vampire mosquitoes
  Eustachio (D:5)
  2 soldier ants (D:8)
  9 water moccasins
  Duvessa (D:4)
  2 hell hounds (Lair:1)
  10 porcupines
  3 orc warriors
  3 ice beasts
  3 slaves (D:4)
  A black bear (D:11)
  An eye of draining (D:11)
  3 sky beasts
  7 ogres
  A necrophage (D:5)
  A wolf (Lair:3)
  3 centaurs
  13 crocodiles
  A big kobold (D:7)
  A wyvern zombie (D:11)
  26 bullfrogs
  2 gnoll sergeants
  Dowan (D:4)
  A water moccasin skeleton (D:4)
  3 scorpions
  38 killer bees
  10 wights
  3 spriggan skeletons (Volcano)
  12 howler monkeys
  A troll skeleton (Volcano)
  An electric eel (Lair:3)
  A bullfrog zombie (D:11)
  4 crimson imps
  A gnoll shaman (D:7)
  A jelly (D:6)
  7 orc wizards
  A bullfrog skeleton (D:7)
  6 orc priests
  3 hounds
  3 centaur skeletons
  5 iguanas
  Ijyb (D:5)
  4 worker ants
  A naga skeleton (Volcano)
  2 hound skeletons
  14 adders
  10 gnolls
  A shadow imp (D:11)
  2 oozes
  An adder skeleton (D:7)
  A worm (D:2)
  4 dart slugs
  9 leopard geckos
  28 orcs
  2 ball pythons (D:3)
  7 giant cockroaches
  9 goblins
  9 hobgoblins
  5 jackals
  6 quokkas
  A ball python skeleton (D:4)
  6 bats
  5 frilled lizards
  A jackal zombie (D:7)
  5 kobolds
  A quokka zombie (D:6)
  8 rats
  3 fungi
  2 plants
502 creatures vanquished.

Vanquished Creatures (others)
  A flying skull (Volcano)
  9 fungi
  39 plants
49 creatures vanquished.

Grand Total: 551 creatures vanquished

Notes
Turn   | Place    | Note
-------+----------+-------------------------------------------
     0 | D:1      | Kairos the Vine Stalker Monk began the quest for the Orb.
     0 | D:1      | Reached XP level 1. HP: 11/11 MP: 2/2
   185 | D:1      | Reached XP level 2. HP: 11/16 MP: 3/3
   495 | D:1      | Reached XP level 3. HP: 17/20 MP: 4/4
   528 | D:1      | Reached skill level 3 in Axes
  1112 | D:2      | HP: 1/20 [worm (8)]
  1115 | D:2      | Gained mutation: Your natural rate of healing is unusually
                  | fast. [Vine Stalker growth]
  1115 | D:2      | Reached XP level 4. HP: 2/24 MP: 5/5
  1325 | D:2      | Found a sacrificial altar of Ru.
  1667 | D:2      | Found a deep blue altar of Sif Muna.
  2069 | D:3      | Reached XP level 5. HP: 18/28 MP: 4/6
  2185 | D:3      | Reached skill level 4 in Axes
  2316 | D:3      | Found a glowing silver altar of Zin.
  2316 | D:3      | Noticed an angel
  2452 | D:3      | Reached skill level 1 in Armour
  2575 | D:3      | Found a runed translucent gate.
  2575 | D:3      | Found a runed translucent gate.
  2575 | D:3      | Noticed Gazerockf's ghost (amateur DEFE)
  2576 | D:3      | Found a runed translucent gate.
  2967 | D:4      | Reached XP level 6. HP: 28/33 MP: 7/7
  3138 | D:4      | Found a white marble altar of Elyvilon.
  3226 | D:4      | Noticed a +0 hand axe
  3227 | D:4      | Noticed a +0 hand axe
  3228 | D:4      | Found a hide-covered altar of Uskayaw.
  3260 | D:4      | Became a worshipper of Uskayaw the Reveler
  3260 | D:4      | Reached * piety under Uskayaw
  3271 | D:4      | Found a runed translucent gate.
  3271 | D:4      | Found a runed translucent gate.
  3272 | D:4      | Found a runed translucent gate.
  3275 | D:4      | Noticed a slave
  3275 | D:4      | Noticed a slave
  3276 | D:4      | Noticed a slave
  3276 | D:4      | Noticed a slave
  3276 | D:4      | Noticed Pikel
  3295 | D:4      | Killed a slave
  3306 | D:4      | Killed a slave
  3311 | D:4      | Reached ** piety under Uskayaw
  3320 | D:4      | Killed a slave
  3320 | D:4      | HP: 1/33 [Pikel/+0 whip of freezing (4)]
  3325 | D:4      | HP: 1/33 [slave[Pikel] (2)]
  3327 | D:4      | Killed Pikel
  3327 | D:4      | Reached skill level 5 in Axes
  3327 | D:4      | Reached XP level 7. HP: 1/38 MP: 1/8
  3327 | D:4      | Gained mutation: You have razor-sharp teeth. [Vine Stalker
                  | growth]
  3327 | D:4      | Reached XP level 8. HP: 2/42 MP: 1/9
  3401 | D:4      | Noticed Duvessa
  3402 | D:4      | Noticed Dowan
  3426 | D:4      | Reached *** piety under Uskayaw
  3432 | D:4      | Killed Duvessa
  3432 | D:4      | Reached **** piety under Uskayaw
  3436 | D:4      | Killed Dowan
  3455 | D:4      | Noticed Jaiteiro's ghost (amateur GnFi)
  3571 | D:4      | Found a basalt altar of Yredelemnul.
  3686 | D:4      | Found an ornate altar of the Wu Jian Council.
  3937 | D:4      | Reached skill level 6 in Axes
  4222 | D:5      | Entered Level 5 of the Dungeon
  4238 | D:5      | Noticed Eustachio
  4275 | D:5      | Killed Eustachio
  4340 | D:5      | Reached XP level 9. HP: 37/46 MP: 10/10
  4386 | D:5      | Noticed Ijyb
  4398 | D:5      | Killed Ijyb
  4907 | D:6      | Reached skill level 7 in Axes
  4917 | D:6      | Reached skill level 5 in Fighting
  5146 | D:6      | Noticed a troll
  5163 | D:6      | Killed a troll
  5163 | D:6      | Reached skill level 5 in Stealth
  5163 | D:6      | Reached skill level 5 in Shields
  5229 | D:6      | Found a staircase to the Ecumenical Temple.
  5607 | D:7      | Reached ***** piety under Uskayaw
  5617 | D:7      | Reached ****** piety under Uskayaw
  5620 | D:7      | Reached XP level 10. HP: 40/51 MP: 7/11
  5655 | D:7      | Found a runed translucent gate.
  5655 | D:7      | Found a runed translucent gate.
  5670 | D:7      | Found a runed translucent gate.
  5670 | D:7      | Noticed SeriousVitamin's ghost (novice DEFE)
  5727 | D:7      | Found a stormy altar of Qazlal.
  5884 | D:7      | Found a hazy altar of Hepliaklqana.
  6313 | D:8      | Reached skill level 8 in Axes
  6491 | D:8      | Found an opulent altar of Gozag.
  6529 | D:8      | Found Zugro's Weapon Boutique.
  6607 | D:8      | Found Vopton's Weapon Shop.
  6608 | D:8      | Found a shadowy altar of Dithmenos.
  6613 | D:8      | Bought a +0 broad axe for 52 gold pieces
  6745 | D:8      | Found Teagref's Food Emporium.
  6937 | D:8      | Found Laifoyt's Jewellery Shoppe.
  6987 | D:9      | Found Herif's Magic Scroll Emporium.
  7000 | D:9      | Bought a scroll of remove curse for 42 gold pieces
  7104 | D:9      | Reached skill level 5 in Armour
  7160 | D:9      | Bought a scroll of brand weapon for 280 gold pieces
  7178 | D:9      | Found a snail-covered altar of Cheibriados.
  7219 | D:9      | Noticed Prince Ribbit
  7225 | D:9      | Found a radiant altar of Vehumet.
  7232 | D:9      | Killed Prince Ribbit
  7302 | D:9      | Noticed Harold
  7308 | D:9      | Killed Harold
  7308 | D:9      | Reached skill level 9 in Axes
  7308 | D:9      | Reached XP level 11. HP: 54/56 MP: 12/12
  7510 | D:10     | Entered Level 10 of the Dungeon
  7776 | D:10     | Noticed an ogre mage
  7776 | D:10     | Noticed a two-headed ogre
  7777 | D:10     | Noticed a two-headed ogre
  7784 | D:10     | Killed a two-headed ogre
  7789 | D:10     | Noticed a two-headed ogre
  7789 | D:10     | Noticed a two-headed ogre
  7792 | D:10     | Noticed a two-headed ogre
  7792 | D:10     | Noticed a two-headed ogre
  7796 | D:10     | Killed a two-headed ogre
  7799 | D:10     | Killed an ogre mage
  7802 | D:10     | Killed a two-headed ogre
  7802 | D:10     | Reached skill level 10 in Axes
  7804 | D:10     | Killed a two-headed ogre
  7805 | D:10     | Killed a two-headed ogre
  7813 | D:10     | Killed a two-headed ogre
  8265 | D:11     | Noticed Nergalle
  8265 | D:11     | Noticed Erolcha
  8269 | D:11     | Killed Erolcha
  8269 | D:11     | Gained mutation: You heal very quickly. [Vine Stalker
                  | growth]
  8269 | D:11     | Reached XP level 12. HP: 62/62 MP: 13/13
  8276 | D:11     | Killed Nergalle
  8328 | D:11     | Found Ujiqifid's Antique Armour Boutique.
  8334 | D:11     | Reached skill level 11 in Axes
  8362 | D:11     | Noticed Erica
  8376 | D:11     | Killed Erica
  8974 | D:11     | Found a staircase to the Lair.
  9402 | Lair:1   | Entered Level 1 of the Lair of Beasts
  9487 | Lair:1   | Found a dark tunnel.
  9500 | Volcano  | Entered a volcano
  9792 | Volcano  | Reached skill level 12 in Axes
  9925 | Volcano  | Identified a +2 pair of boots of running (You found it in a
                  | volcano)
 10119 | Lair:1   | Reached XP level 13. HP: 63/68 MP: 12/14
 10675 | Lair:2   | Found a hole to the Spider Nest.
 11930 | Lair:3   | Reached skill level 10 in Shields
 11964 | Lair:3   | Found a staircase to the Swamp.
 12047 | Lair:3   | Reached skill level 10 in Stealth
 12227 | Lair:3   | Reached skill level 13 in Axes
 13144 | Lair:4   | Reached XP level 14. HP: 69/74 MP: 13/15
 13609 | D:8      | Bought an uncursed amulet of faith for 560 gold pieces
 13609 | D:8      | Bought the ring of Levity {+Inv +Fly rElec rPois Slay-2}
                  | for 480 gold pieces
 14666 | Lair:5   | Noticed Rupert
 14699 | Lair:5   | Killed Rupert
 14711 | Lair:5   | Found a viscous altar of Jiyva.
 14711 | Lair:5   | Found a staircase to the Slime Pits.
 15320 | Lair:6   | Entered Level 6 of the Lair of Beasts
 15361 | Lair:6   | Reached skill level 1 in Maces & Flails
 15587 | Lair:6   | Slain by a seven-headed hydra

Skill      XL: |  1  2  3  4  5  6  7  8  9 10 11 12 13 14 |
---------------+-------------------------------------------+-----
Fighting       | 3 4 5 6 7 8 9 |  9.2
Axes           | 3 4 5 6 7 9 10 12 13 | 13.9
Dodging        | 3 4 |  4.9
Stealth        | 3 5 7 8 9 10 11 | 11.7
Armour         | 1 2 3 4 5 6 7 |  7.8
Shields        | 2 4 6 7 8 9 10 11 | 11.2
Maces & Flails | 1 |  1.4
Throwing       | |  0.7
Evocations     | |  0.3

Action                   |  1- 3 |  4- 6 |  7- 9 | 10-12 | 13-15 || total
-------------------------+-------+-------+-------+-------+-------++-------
Melee: Hand axe          |    84 |   270 |   342 |   159 |       ||   855
       Bite              |    24 |    75 |   107 |   192 |   227 ||   625
       Broad axe         |       |       |       |   347 |   511 ||   858
       Flail             |       |       |       |       |    38 ||    38
Throw: Tomahawk          |       |       |       |     1 |       ||     1
Invok: Stomp             |       |     1 |       |     1 |       ||     2
 Abil: Evoke Invisibilit |       |       |       |       |     1 ||     1
Evoke: Phantom mirror    |       |       |       |       |     1 ||     1
  Use: Potion            |       |     3 |       |       |     1 ||     4
       Scroll            |       |       |     8 |     9 |    11 ||    28
 Stab: Sleeping          |     4 |       |       |     1 |       ||     5
       Paralysed         |       |       |    22 |    35 |    49 ||   106
       Distracted        |       |       |       |       |     3 ||     3
       Invisible         |       |       |       |       |     6 ||     6
  Eat: Chunk             |       |     8 |     8 |    11 |    10 ||    37
       Ration            |       |       |       |     2 |     2 ||     4
Armor: Robe              |    14 |     1 |       |       |       ||    15
       Chain mail        |       |   160 |   108 |   152 |   257 ||   677
       Scale mail        |       |     4 |       |       |       ||     4
Dodge: Dodged            |    58 |   138 |    64 |    87 |   121 ||   468
Block: Large shield      |       |    67 |   303 |   425 |   571 ||  1366
